Map: Yellowjacket

Players

Destination

  • Race: Zerg Zerg
  • Spawn Location: 1:00

SONNY

  • Race: Protoss Protoss
  • League: Gold
  • Spawn Location: 3:00

Ekelpack - Winner!

  • Race: Zerg Zerg
  • Spawn Location: 7:00

Nyck - Winner!

  • Race: Terran Terran
  • Spawn Location: 9:00

VOD

Have the link to the VOD?

Description

Time

  • Played on: Jan. 29, 2025, 12:33 p.m.
  • Length: 14:27
Show
View Real Time Build Order
Export as new Build Order

Destination Zerg 

Build Orders: Hatch First 

Get SALT Encoding   

  12  0:01  Drone  
  13  0:12  Overlord  
  13  0:19  Drone  
  14  0:31  Drone x2  
  14  0:34  Drone  
  17  0:54  Hatchery  
  16  1:05  Extractor  
  16  1:08  Spawning Pool  
  16  1:09  Drone  
  15  1:13  Drone  
  15  1:17  Drone  
  17  1:20  Drone  
  18  1:32  Drone  
  19  1:42  Overlord  
  19  1:55  Queen  
  19  1:58  Zergling x2  
  22  2:04  Zergling x2  
  22  2:08  Metabolic Boost  
  23  2:10  Queen  
  23  2:13  Drone  
  26  2:17  Drone  
  27  2:24  Drone  
  27  2:28  Drone x2  
  30  2:43  Drone  
  30  2:44  Drone  
  31  2:59  Drone x3  
  31  3:02  Overlord  
  34  3:15  Hatchery, Drone x3, Baneling Nest  
  34  3:18  Drone  
  36  3:27  Overlord  
  36  3:32  Drone  
  36  3:33  Drone x2, Extractor  
  39  3:34  Drone  
  39  3:42  Drone  
  39  3:43  Drone x2  
  39  3:48  Lair  
  42  3:50  Zergling x2  
  42  3:51  Zergling x2  
  42  3:53  Zergling x2  
  45  4:01  Baneling x3  
  45  4:04  Drone  
  45  4:06  Zergling x8  
  50  4:15  Evolution Chamber  
  50  4:17  Drone x2  
  50  4:19  Drone x2, Evolution Chamber  
  50  4:22  Overlord  
  52  4:25  Overlord  
  52  4:30  Baneling x4  
  52  4:35  Drone  
  52  4:36  Drone, Extractor  
  52  4:37  Drone, Extractor  
  52  4:38  Drone  
  54  4:40  Drone  
  54  4:41  Drone  
  54  4:43  Drone  
  57  4:46  Zerg Melee Weapons Level 1  
  57  4:49  Centrifugal Hooks  
  57  4:57  Spore Crawler  
  57  4:59  Baneling  
  55  5:00  Baneling x2  
  55  5:05  Drone x7  
  62  5:08  Drone  
  63  5:19  Overlord x2  
  63  5:23  Queen  
  63  5:26  Drone x3  
  68  5:29  Zerg Ground Armor Level 1  
  68  5:30  Zergling x4  
  68  5:31  Zergling x2  
  71  5:45  Hydralisk Den  
  71  5:47  Zergling x18  
  71  5:49  Baneling x3  
  79  5:56  Spore Crawler  
  78  5:57  Drone  
  78  5:59  Spore Crawler  
  78  6:00  Drone  
  79  6:16  Hydralisk  
  79  6:17  Hydralisk x4  
  89  6:19  Zergling x2  
  89  6:20  Overlord x3  
  89  6:21  Overlord  
  70  6:41  Zergling x12, Hydralisk x2  
  70  6:42  Hydralisk  
  70  6:44  Baneling x2  
  82  6:52  Zerg Melee Weapons Level 2  
  82  6:55  Drone x2  
  82  7:00  Extractor  
  83  7:01  Baneling  
  83  7:02  Baneling x2  
  83  7:04  Extractor  
  83  7:05  Drone x2  
  83  7:06  Drone  
  83  7:08  Drone x3  
  88  7:12  Muscular Augments  
  88  7:21  Queen  
  85  7:23  Hydralisk x2  
  85  7:26  Overlord x2  
  89  7:35  Drone  
  89  7:36  Drone, Extractor  
  89  7:38  Extractor  
  89  7:43  Drone x3  
  91  7:45  Drone x3  
  94  7:52  Hatchery  
  94  7:53  Drone  
  94  7:55  Spore Crawler  
  94  7:57  Drone  
  94  8:00  Spore Crawler, Hydralisk  
  94  8:01  Hydralisk x6  
  107  8:19  Overlord x4  
  107  8:21  Hydralisk  
  107  8:22  Hydralisk x4  
  117  8:31  Zerg Ground Armor Level 2  
  117  8:49  Zergling x22  
  128  8:57  Overlord x3  
  111  9:34  Hydralisk x2  
  111  9:35  Hydralisk x15  
  111  9:37  Baneling x4  
  111  9:38  Baneling x7  
  121  10:12  Hydralisk  
  121  10:13  Hydralisk x10  
  124  10:45  Drone  
  124  10:46  Drone x9, Queen  
  136  10:57  Infestation Pit  
  135  11:05  Extractor  
  135  11:06  Overlord  
  135  11:07  Overlord x2, Extractor  
  133  11:14  Zergling x2  
  133  11:15  Zergling x24  
  146  11:21  Spore Crawler  
  146  11:23  Zerg Missile Weapons Level 1  
  146  11:24  Spore Crawler  
  146  11:25  Grooved Spines  
  144  11:28  Spore Crawler x2  
  105  12:01  Hydralisk  
  105  12:02  Hydralisk x14  
  105  12:03  Hydralisk x5  
  143  12:10  Zergling x2  
  144  12:16  Baneling x3  
  144  12:17  Baneling  
  144  12:20  Hive  
  144  12:23  Drone x3  
  144  12:25  Drone x3  
  150  12:35  Zergling x10  
  150  12:36  Zergling x2  
  98  12:53  Zergling x2, Hydralisk  
  98  12:54  Hydralisk x11  
  114  13:04  Hydralisk x3  
  110  13:23  Zergling x2  
  110  13:24  Zergling x18  
  120  13:28  Hatchery  
  117  13:51  Hydralisk  
  117  13:52  Hydralisk x6  
  117  13:53  Zergling x16  
Show
View Real Time Build Order
Export as new Build Order

SONNY Protoss 

Build Orders: 1 Gate Expand 

Get SALT Encoding   

  12  0:00  Probe  
  13  0:12  Probe  
  14  0:21  Pylon  
  14  0:29  Probe  
  15  0:37  Probe  
  15  0:39  Gateway  
  16  0:46  Probe  
  17  0:57  Probe  
  18  1:10  Probe  
  19  1:23  Probe  
  20  1:26  Nexus  
  20  1:31  Assimilator  
  20  1:35  Probe  
  21  1:47  Cybernetics Core  
  21  1:50  Probe  
  22  1:56  Pylon  
  22  2:02  Probe  
  22  2:04  Assimilator  
  23  2:15  Adept, Probe  
  24  2:23  Warp Gate  
  24  2:28  Probe  
  27  2:38  Probe  
  27  2:40  Probe  
  29  2:46  Probe  
  30  2:52  Adept, Probe  
  30  2:55  Probe  
  34  3:04  Probe  
  35  3:08  Probe  
  36  3:16  Probe  
  36  3:19  Stargate  
  37  3:21  Probe  
  37  3:22  Gateway  
  37  3:25  Gateway  
  37  3:29  Gateway  
  37  3:32  Probe, Pylon  
  38  3:35  Stalker  
  38  3:39  Probe  
  41  3:44  Probe  
  42  3:51  Probe  
  43  3:56  Probe  
  44  4:04  Twilight Council, Probe  
  44  4:05  Oracle  
  44  4:09  Pylon  
  48  4:10  Probe  
  48  4:16  Stalker, Probe  
  52  4:21  Stalker  
  54  4:27  Probe  
  55  4:31  Pylon  
  55  4:33  Probe  
  55  4:34  Pylon  
  56  4:38  Assimilator  
  56  4:39  Probe  
  56  4:41  Assimilator  
  56  4:44  Blink  
  56  4:45  Probe  
  58  4:51  Probe  
  59  4:54  Stalker  
  59  4:56  Adept  
  59  4:58  Zealot, Adept  
  67  5:06  Probe x2  
  69  5:39  Stalker x4  
  69  5:41  Probe x2  
  76  5:48  Robotics Facility  
  76  5:51  Forge  
  72  6:04  Stalker x3  
  72  6:17  Probe  
  73  6:29  Probe  
  73  6:31  Stalker  
  73  6:32  Stalker  
  78  6:36  Pylon  
  78  6:40  Gateway, Pylon  
  78  6:41  Gateway  
  78  6:43  Gateway, Nexus  
  78  6:54  Probe  
  78  6:57  Forge  
  78  6:58  Forge  
  78  7:01  Stalker x2  
  83  7:04  Probe  
  83  7:06  Probe  
  85  7:08  Pylon  
  85  7:36  Phoenix  
  87  7:41  Stalker  
  87  7:42  Stalker x4  
  97  7:52  Protoss Ground Armor Level 1, Protoss Ground Weapons Level 1  
  97  8:00  Charge  
  97  8:01  Phoenix  
  99  8:11  Stalker x4  
  107  8:28  Templar Archives  
  107  8:31  Stalker x3  
  113  8:38  Probe x2  
  115  8:50  Probe x2  
  115  9:07  Stalker  
  117  9:12  Pylon  
  117  9:23  Phoenix  
  83  9:46  Stalker x4  
  83  9:47  Stalker x3  
  83  9:48  Phoenix  
  95  10:00  Psionic Storm  
  95  10:03  Probe  
  95  10:04  Probe  
  93  10:09  Assimilator  
  93  10:11  Assimilator  
  93  10:12  Phoenix  
  83  10:22  Protoss Ground Weapons Level 2  
  83  10:26  Zealot x2  
  83  10:27  Zealot x5  
  97  10:37  Pylon  
  97  10:40  Pylon  
  97  10:44  Pylon  
  97  10:45  Gateway  
  97  10:47  Gateway  
  97  10:50  Probe x2  
  97  10:51  Pylon  
  99  10:58  Stalker  
  99  10:59  Stalker x5  
  99  11:00  High Templar  
  113  11:18  Protoss Ground Armor Level 2  
  113  11:19  Warp Prism  
  113  11:24  High Templar x2  
  113  11:25  High Templar x2  
  75  11:37  Zealot x2  
  75  11:38  Zealot  
  58  11:48  Stalker  
  58  11:49  Stalker  
  58  12:11  Stalker x3  
  58  12:12  Stalker x5  
  66  12:31  High Templar  
  66  12:34  Zealot  
  66  12:35  Zealot x5  
  66  12:36  Zealot  
  57  13:04  Zealot x5  
  33  13:17  Pylon  
  29  13:20  High Templar  
  29  13:21  High Templar x2  
  29  13:24  Stalker  
  29  13:25  Stalker x2  
  29  13:26  Stalker  
  43  13:28  Stalker  
  33  14:13  Stalker  
  33  14:14  Stalker x3  
  33  14:16  Zealot  
  33  14:17  Zealot  
Show
View Real Time Build Order
Export as new Build Order

Ekelpack Zerg - Winner!

Build Orders: Hatch First 

Get SALT Encoding   

  12  0:00  Drone  
  13  0:13  Overlord  
  13  0:22  Drone  
  14  0:31  Drone  
  15  0:46  Hatchery  
  15  0:47  Drone  
  15  1:02  Spawning Pool  
  14  1:04  Drone  
  14  1:09  Extractor  
  14  1:10  Drone  
  15  1:15  Drone  
  15  1:17  Drone  
  17  1:30  Drone  
  18  1:49  Queen  
  20  1:58  Queen  
  23  2:01  Drone  
  23  2:05  Drone  
  24  2:09  Drone  
  24  2:13  Drone  
  24  2:15  Overlord  
  26  2:20  Drone  
  27  2:28  Lair  
  27  2:33  Drone  
  28  2:40  Queen  
  28  2:44  Extractor  
  29  2:49  Metabolic Boost  
  29  2:53  Drone x2  
  31  2:59  Drone  
  31  3:00  Drone  
  31  3:01  Drone  
  34  3:16  Drone x2  
  36  3:29  Extractor  
  36  3:30  Drone  
  36  3:31  Extractor  
  36  3:32  Drone  
  36  3:37  Spire  
  36  3:39  Overlord  
  35  3:43  Drone  
  36  4:00  Drone x4  
  36  4:02  Overlord  
  40  4:05  Drone x4  
  44  4:10  Overlord  
  44  4:11  Overlord  
  44  4:23  Overlord  
  44  4:27  Drone  
  45  4:37  Drone  
  45  4:38  Drone  
  47  4:50  Zerg Flyer Weapons Level 1  
  47  4:54  Mutalisk x5  
  47  4:55  Mutalisk  
  59  5:00  Mutalisk x3  
  65  5:09  Overlord x2  
  65  5:20  Hatchery  
  64  5:31  Pneumatized Carapace  
  64  5:35  Zergling x8  
  68  5:41  Zergling x4  
  68  5:42  Zergling x12  
  76  6:11  Mutalisk x4  
  76  6:13  Overlord x3  
  84  6:44  Drone x7  
  84  6:45  Drone x3  
  94  6:50  Zerg Flyer Weapons Level 2  
  94  7:08  Mutalisk x6  
  106  7:26  Overlord x4  
  106  7:27  Overlord x2  
  106  7:46  Extractor  
  106  7:47  Extractor  
  104  7:53  Infestation Pit  
  104  7:55  Evolution Chamber  
  104  7:58  Evolution Chamber  
  101  8:15  Spine Crawler, Drone x5  
  101  8:16  Drone x6  
  101  8:17  Spine Crawler, Drone  
  101  8:18  Spine Crawler  
  110  8:23  Drone x5  
  110  8:24  Zerg Melee Weapons Level 1, Zerg Ground Armor Level 1  
  115  8:32  Hive  
  115  8:35  Zergling x12  
  111  9:07  Zerg Flyer Armor Level 1  
  111  9:09  Zergling x2, Mutalisk x2  
  97  9:10  Zergling x4, Mutalisk  
  104  9:22  Mutalisk x2  
  104  9:23  Mutalisk  
  99  9:36  Mutalisk  
  99  9:37  Mutalisk x2  
  99  9:38  Zergling x12  
  99  9:52  Mutalisk x2  
  82  9:53  Mutalisk x3  
  82  10:04  Mutalisk x2  
  75  10:23  Zerg Melee Weapons Level 2  
  75  10:25  Ultralisk Cavern  
  74  10:34  Zergling x8  
  74  10:35  Zergling x6  
  81  10:49  Zerg Ground Armor Level 2  
  81  10:58  Zergling x6  
  81  10:59  Zergling x6  
  87  11:13  Hatchery  
  87  11:14  Hatchery, Zergling x10  
  90  11:27  Hatchery  
  90  11:30  Ultralisk x2  
  86  11:45  Zergling x10  
  86  11:46  Zergling x2  
  83  11:56  Adrenal Glands  
  83  11:57  Zergling x4  
  77  12:05  Queen  
  73  12:15  Chitinous Plating  
  63  12:51  Zergling x2  
  63  12:52  Zergling x2, Ultralisk x3  
  63  12:53  Zergling x6  
  82  13:06  Ultralisk  
  82  13:11  Drone  
  82  13:12  Drone  
  91  13:20  Drone x3  
  91  13:22  Drone  
  91  13:27  Drone  
  95  13:31  Drone x2  
  90  14:09  Zergling x4  
  104  14:10  Zergling x4  
Show
View Real Time Build Order
Export as new Build Order

Nyck Terran - Winner!

Build Orders: Reaper Expand 

Get SALT Encoding   

  12  0:00  SCV  
  13  0:13  SCV  
  14  0:18  Supply Depot  
  14  0:25  SCV  
  15  0:42  SCV, Barracks  
  16  0:46  Refinery  
  16  0:54  SCV  
  17  1:06  SCV  
  18  1:18  SCV  
  19  1:34  Reaper  
  19  1:35  Orbital Command  
  19  1:38  Supply Depot  
  20  1:56  Command Center  
  20  2:06  SCV, Refinery  
  21  2:09  Marine  
  22  2:24  SCV  
  23  2:32  Marine  
  23  2:36  SCV  
  25  2:50  Marine  
  26  2:51  SCV  
  27  2:59  Factory  
  27  3:03  Engineering Bay  
  27  3:06  Engineering Bay  
  27  3:12  Orbital Command  
  27  3:18  SCV  
  28  3:25  Marine  
  29  3:30  SCV  
  29  3:33  Terran Infantry Weapons Level 1, Terran Infantry Armor Level 1  
  30  3:35  Barracks  
  30  3:38  SCV  
  31  3:42  SCV  
  31  3:47  Starport  
  32  3:50  SCV  
  32  3:54  SCV  
  34  4:00  Barracks Tech Lab  
  34  4:03  SCV  
  34  4:06  SCV  
  36  4:15  SCV  
  36  4:16  Refinery  
  37  4:17  Refinery  
  37  4:18  Marine  
  37  4:20  Combat Shield  
  38  4:27  Barracks Reactor  
  38  4:29  Medivac  
  40  4:31  Factory Reactor  
  40  4:36  Armory  
  40  4:40  SCV x2  
  42  4:52  SCV x2  
  44  5:06  Marine  
  44  5:07  Marine  
  46  5:18  Supply Depot  
  46  5:19  SCV  
  46  5:20  SCV  
  46  5:23  Marine  
  40  5:39  SCV x2  
  40  5:40  Supply Depot  
  40  5:41  Terran Infantry Weapons Level 2  
  40  5:42  Terran Infantry Armor Level 2  
  42  5:43  Marine  
  42  5:44  Marine x2  
  45  5:51  Starport  
  45  5:55  SCV x2  
  47  6:01  Command Center  
  47  6:08  Terran Ship Weapons Level 1  
  47  6:09  SCV  
  47  6:10  SCV  
  49  6:11  Supply Depot  
  49  6:13  Marine x3  
  52  6:27  SCV x2  
  52  6:29  Starport Reactor  
  52  6:31  Viking  
  52  6:32  Marine x3, Viking  
  59  6:35  Stimpack  
  59  6:39  SCV x2  
  63  6:48  Supply Depot  
  63  6:51  SCV x2  
  63  6:52  Barracks  
  65  7:09  SCV x2  
  67  7:21  SCV x2  
  67  7:22  Marine x3  
  72  7:33  SCV x2  
  74  7:39  Barracks  
  74  7:45  SCV x2, Barracks Reactor  
  74  7:48  Viking x4  
  84  7:55  Marine x3  
  87  7:59  Terran Infantry Armor Level 3, Terran Infantry Weapons Level 3  
  87  8:09  Orbital Command  
  87  8:13  SCV x2  
  87  8:14  Marine x3  
  87  8:17  Terran Ship Weapons Level 2  
  92  8:21  Supply Depot  
  92  8:25  SCV  
  93  8:42  Marine x2, Medivac x2  
  93  8:43  SCV x2  
  93  8:45  Supply Depot  
  93  8:46  Marine x3  
  93  8:47  SCV  
  105  8:50  Barracks Reactor  
  105  8:52  Barracks  
  105  8:55  SCV x2  
  107  8:58  Refinery x2  
  107  8:59  SCV  
  96  9:07  Supply Depot, SCV x2  
  98  9:10  Marine x4  
  98  9:11  SCV, Marine  
  103  9:31  Medivac x3  
  101  9:32  Medivac  
  101  9:33  Marine x4  
  101  9:34  Marine  
  89  9:51  Marine x5  
  93  10:18  Marine x6  
  93  10:19  Marine  
  100  10:22  Medivac x3  
  85  10:34  SCV x3  
  74  10:37  Marine x6  
  74  10:38  Marine  
  80  10:46  SCV x3  
  80  10:48  Medivac  
  85  10:52  Medivac x3  
  85  10:55  Marine x6  
  97  10:58  Terran Ship Weapons Level 3  
  97  11:02  SCV x3, Marine  
  101  11:05  Barracks Reactor  
  101  11:07  Barracks  
  101  11:12  Marine  
  101  11:13  Marine x3  
  101  11:14  SCV x3  
  107  11:26  SCV x3  
  109  11:38  SCV  
  107  11:50  Command Center  
  105  11:59  Marine  
  105  12:00  Marine x6  
  112  12:17  Marine x5  
  112  12:18  Marine x2  
  119  12:29  Medivac  
  121  12:30  Medivac x3  
  121  12:35  Marine x6  
  133  12:41  Marine  
  116  12:53  Marine x6  
  99  12:58  Marine  
  97  13:10  Marine  
  97  13:11  Marine x4  
  101  13:14  Marine  
  101  13:16  Marine  
  101  13:18  SCV x3  
  103  13:20  Medivac  
  103  13:21  Medivac  
  103  13:23  Orbital Command  
  107  13:27  Refinery  
  107  13:28  Marine  
  107  13:29  Marine x4  
  107  13:30  SCV x3  
  107  13:32  Marine, Barracks Reactor  
  116  13:34  Marine  
  116  13:40  Marine x2  
  115  13:42  SCV x3  
  115  13:46  Marine x2  
  115  13:47  Marine x3  
  123  13:50  Marine  
  123  13:52  Marine  
  123  13:54  SCV x3  
  128  13:58  Marine x2  
  130  14:04  Marine x5  
  130  14:08  Marine  
Tags
 
Add a new tag
Caveats
  • Supply blocks, unpowered buildings, or Contaminate may cause inaccurate times.
  • Supply counts are checked every 10 seconds.